 Dungeon Crawl Stone Soup version 0.18-a0-1637-g109f206 (webtiles) character file.

44 Oddball22 the Insei (level 3, -3/29 HPs)
             Began as a Demonspawn Monk on Mar 26, 2016.
             Slain by a goblin
             ... wielding a +0 dagger
             ... led by Robin
              (7 damage)
             ... on level 2 of the Dungeon.
             The game lasted 00:09:13 (1048 turns).

Oddball22 the Insei (Demonspawn Monk)               Turns: 1048, Time: 00:09:14

Health: -3/29      AC:  4    Str: 11    XL:     3   Next: 41%
Magic:  3/3        EV: 14    Int: 11    God:
Gold:   71         SH:  0    Dex: 16    Spells: 0 memorised, 2 levels left

rFire  . . .     SeeInvis .       - Unarmed
rCold  . . .     Gourm    .     a - +0 robe
rNeg   . . .     Faith    .     (no shield)
rPois  .         Spirit   .     (no helmet)
rElec  .         Dismiss  .     (no cloak)
rCorr  .         Reflect  .     k - +0 pair of gloves
SustAt .         Harm     .     g - +0 pair of boots
MR     .....                    (no amulet)
Stlth  ++........               (no ring)
                                m - +1 ring of evasion

@: not resistant to hostile enchantments, unstealthy
A: demonic guardian 1, powered by death 1
a: no special abilities


You were on level 2 of the Dungeon.
You were hungry.

You visited 1 branch of the dungeon, and saw 2 of its levels.

You collected 71 gold pieces.

Inventory:

Armour
 a - a +0 robe (worn)
 g - a +0 pair of boots (worn)
 k - a +0 pair of gloves (worn)
Jewellery
 m - a +1 ring of evasion (left hand)
Scrolls
 c - 2 scrolls of identify {unknown}
 d - a scroll of fog {unknown}
 e - 2 scrolls of remove curse {unknown}
 j - 2 scrolls of recharging {unknown}
 l - a scroll of immolation {unknown}
Comestibles
 b - a bread ration
 f - a beef jerky
 h - 4 chunks of flesh
 i - 4 fruits
 n - a meat ration


   Skills:
 + Level 3.5 Fighting
 + Level 3.1 Dodging
 - Level 1.7 Stealth
 * Level 4.1 Unarmed Combat


You had 2 spell levels left.
You didn't know any spells.

Dungeon Overview and Level Annotations

Branches:
Dungeon (2/15)

Altars:

Annotations:
D:2 Robin


Innate Abilities, Weirdness & Mutations

A weak demonic guardian rushes to your aid.
You regenerate a little health from kills.


Message History

The goblin is severely wounded.
Robin hits you with an enchanted club! The goblin barely misses you.
The goblin misses you. The goblin barely misses you.
The goblin closely misses you.
You hit the goblin.
You kill the goblin!
Robin misses you. The goblin barely misses you. The goblin hits you.
The goblin misses you. The goblin hits you with a club.
You hit Robin.
Robin is moderately wounded.
The goblin closely misses you. The goblin barely misses you.
Robin hits you with an enchanted club.
* * * LOW HITPOINT WARNING * * *
The goblin barely misses you.
A kobold comes into view. It is wielding a dagger.
The goblin hits you with a dagger.
* * * LOW HITPOINT WARNING * * *
The goblin closely misses you. The goblin misses you.
The goblin hits you with a dagger!
You die...

.. ##...............#
...#...........######
..#.......>...# .K
.............## #..... ...
#...........##. ......
....##..........# .##.#...
......†g....>...# .......
#......gg(.(....####......
#.....gg5@..(...##........
##....#####......#.#..#..#
##... ###....#.#......##
#.. +......#.#........ #..
#............###.# #.
#.###.#.......)..# #.
#..())........####
.......###........#
#.#.##.#..>.......#


You could see Robin, 4 goblins and a friendly ufetubus.

Vanquished Creatures
  An adder (D:2)
  An ooze (D:1)
  A dart slug (D:1)
  4 bats (D:1)
  2 giant cockroaches (D:2)
  10 goblins
  4 hobgoblins
  2 giant newts (D:1)
  2 rats (D:1)
27 creatures vanquished.

Notes
Turn   | Place    | Note
--------------------------------------------------------------
     0 | D:1      | Oddball22 the Demonspawn Monk began the quest for the Orb.
     0 | D:1      | Reached XP level 1. HP: 18/18 MP: 1/1
   238 | D:1      | Gained mutation: A weak demonic guardian rushes to your aid. [demonic ancestry]
   238 | D:1      | Reached XP level 2. HP: 16/24 MP: 2/2
   838 | D:2      | Reached skill level 4 in Unarmed Combat
   838 | D:2      | Gained mutation: You regenerate a little health from kills. [demonic ancestry]
   838 | D:2      | Reached XP level 3. HP: 15/29 MP: 3/3
   977 | D:2      | Noticed Robin
  1048 | D:2      | Slain by a goblin

Vault maps used:
D:1:      scummos_arrival_forest, minmay_misc_feat_tiny
D:2:      uniq_robin

Skill      XL: |  1  2 |
---------------+-------+-----
Dodging        | 3 |  3.1
Unarmed Combat | 4 |  4.1
Fighting       | |  3.5
Stealth        | |  1.7

Action                   || total
-------------------------++-------
Melee: Unarmed           ||   106
 Stab: Sleeping          ||     3
